 Dungeon Crawl Stone Soup version 0.29-a0-334-gb41bcbb86e (webtiles) character file.

Game seed: 5835987991182330901

32 MeatMancer the Chopper (level 3, -1/33 HPs)
             Began as a Minotaur Berserker on June 1, 2021.
             Was a Believer of Trog.
             Succumbed to a goblin's poison
             ... on level 2 of the Dungeon on Apr 14, 2022.
             The game lasted 00:03:50 (784 turns).

MeatMancer the Chopper (Minotaur Berserker)          Turns: 784, Time: 00:03:50

Health: -1/33      AC:  2    Str: 23    XL:     3   Next: 8%
Magic:  2/2        EV: 12    Int:  4    God:    Trog [**....]
Gold:   0          SH:  0    Dex:  9    Spells: 2/2 levels left

rFire   . . .      SeeInvis .   a - +0 hand axe
rCold   . . .      Faith    .   (no shield)
rNeg    . . .      Spirit   .   b - +0 animal skin
rPois   .          Reflect  .   (helmet restricted)
rElec   .          Harm     .   (no cloak)
rCorr   .          Rampage  .   (no gloves)
Will    .....                   (no boots)
Stlth   +.........              (no amulet)
HPRegen 0.11/turn               (no ring)
MPRegen 0.08/turn               (no ring)

@: lethally poisoned (-1 -> -40)
A: horns 2, retaliatory headbutt
a: Renounce Religion, Berserk, Trog's Hand


You were on level 2 of the Dungeon.
You worshipped Trog.
Trog was pleased with you.
You visited 1 branch of the dungeon, and saw 2 of its levels.

Inventory:

Hand Weapons
 a - a +0 hand axe (weapon)
Missiles
 c - 20 stones (quivered)
Armour
 b - a +0 animal skin (worn)
Scrolls
 d - a scroll of fear {unknown}
 e - a scroll of enchant weapon {unknown}


   Skills:
 + Level 4.1 Fighting
 * Level 4.4 Axes
 + Level 2.9 Armour
 - Level 2.2 Dodging


You had 2 spell levels left.
You didn't know any spells.
Your spell library was empty.

Dungeon Overview and Level Annotations

Branches:
Dungeon (2/15)

Altars:


Innate Abilities, Weirdness & Mutations

You have a pair of horns on your head.
You reflexively headbutt those who attack you in melee.


Message History

A goblin is nearby!
A goblin is nearby!
The goblin hits you with a +0 dagger. The goblin barely misses you.
You furiously retaliate!
You headbutt the goblin!
You kill the goblin!
Trog accepts your kill.
You can now call upon Trog for regeneration and willpower.
You see here a +0 leather armour.
Found a cyan potion.
There is a stone staircase leading down here.
You climb downwards.
Found 12 gold pieces and a quarterstaff.
There is a stone staircase leading up here.
A goblin comes into view. It is wielding a +1 dagger of venom.
The goblin shouts!
A bat comes into view.
A rat comes into view.
The goblin misses you.
An endoplasm comes into view.
The endoplasm quivers.
The bat hits you but does no damage.
The goblin hits you with a +1 dagger of venom.
You are poisoned.
The endoplasm moves out of view.
You hit the bat.
You kill the bat!
Trog accepts your kill.
You barely miss the goblin.
You feel very sick.
The goblin hits you with a +1 dagger of venom.
You are lethally poisoned!
Found a blue potion.
You feel very sick.
The goblin hits you with a +1 dagger of venom.
You are more poisoned.
The goblin attacks as you move away!
The goblin hits you with a +1 dagger of venom.
* * * LOW HITPOINT WARNING * * *
You are more poisoned.
You die...

.### ##### .).# #
..$. #...# .# ..#
...###.# #
#.##.......#..
##.#...........
#....###.J.....
####......@.#
#...<...g..##
......##.###.#...#
##### ...#
#...#... #....
....r.#.#
#..##..####... .
#.# .## ... .. ##
#.#! ..


You could see an endoplasm, a goblin and a rat.

Vanquished Creatures
  A gnoll (D:1)
  4 ball pythons (D:1)
  A bat (D:2)
  2 endoplasms (D:1)
  A goblin (D:1)
  2 hobgoblins (D:1)
  4 jackals (D:1)
  2 kobolds (D:1)
  A frilled lizard (D:1)
  2 rats (D:1)
20 creatures vanquished.

Notes
Turn   | Place    | Note
-------+----------+-------------------------------------------
     0 | D:1      | MeatMancer the Minotaur Berserker began the quest for the
                  | Orb.
     0 | D:1      | Reached XP level 1. HP: 19/19 MP: 0/0
   395 | D:1      | Reached XP level 2. HP: 23/27 MP: 1/1
   458 | D:1      | Found a faded altar of an unknown god.
   477 | D:1      | Upgraded the game from 0.27-a0-1200-g94dc6ad4cf to
                  | 0.29-a0-334-gb41bcbb86e
   571 | D:1      | Reached XP level 3. HP: 17/33 MP: 2/2
   735 | D:1      | Reached ** piety under Trog
   784 | D:2      | Succumbed to a goblin's poison

Illustrated notes

Levels and vault maps discovered:
D:1:      elethiomel_arrival_shortcut, layout_loops_cross,
          ebering_ecumenical_altar_petrified
D:2:      layout_rooms, serial_shops,
          nicolae_shop_temple_entry_statues_fountains

Skill      XL: |  1  2 |
---------------+-------+-----
Axes           | 4 |  4.4
Fighting       | 4 |  4.1
Armour         | |  2.9
Dodging        | |  2.2

Action                   || total
-------------------------++-------
Melee: Hand axe          ||    33
       Headbutt          ||     2
Throw: Stone             ||     4
Invok: Berserk           ||     1
Armor: Animal skin       ||     6
Dodge: Dodged            ||    48

Table legend: (Time is in decaauts)
 A = Elapsed time spent in this place.
 B = Non-inter-level travel time spent in this place.
 C = Inter-level travel time spent in this place.
 D = Time resting spent in this place.
 E = Time spent auto-exploring this place.
 F = Levels seen in this place.
 G = Mean time per level.
                   A        B        C        D        E       F      G
               +--------+--------+--------+--------+--------+-----+--------+
         Total |    797 |    797 |      0 |    265 |    243 |   2 |  398.5 |
       Dungeon |    797 |    797 |      0 |    265 |    243 |   2 |  398.5 |
               +--------+--------+--------+--------+--------+-----+--------+

Top non-repeatable levels by time:
     D:1: 789 daAuts
     D:2: 7 daAuts
